 Dungeon Crawl Stone Soup version 0.18-a0-1220-g2dc6208 (webtiles) character file.

6756 Psiweapon the Protected (level 11, -6/85 HPs)
             Began as a Formicid Abyssal Knight on Feb 3, 2016.
             Was a Priest of Lugonu.
             Mangled by a yak (10 damage)
             ... on level 2 of the Lair of Beasts.
             The game lasted 00:36:18 (11133 turns).

Psiweapon the Protected (Formicid Abyssal Knight)  Turns: 11133, Time: 00:36:18

Health: -6/85      AC:  9    Str: 22    XL:     11   Next: 24%
Magic:  15/15      EV: 13    Int: 12    God:    Lugonu [***...]
Gold:   332        SH:  4    Dex: 14    Spells: 1 memorised, 8 levels left

rFire  . . .     SeeInvis +     T - +3 battleaxe
rCold  . . .     Gourm    .     s - +1 scale mail
rNeg   . . .     Faith    .     h - +0 buckler
rPois  .         Spirit   .     (helmet unavailable)
rElec  .         Dismiss  .     w - +0 cloak
rCorr  .         Reflect  .     v - +0 pair of gloves
SustAt .         Harm     .     (no boots)
MR     +....                    t - amulet of magic regeneration
Stlth  +.........               W - +4 ring of dexterity
                                V - ring of wizardry

@: somewhat resistant to hostile enchantments, very unstealthy
A: permanent stasis, dig shafts and tunnels, four strong arms, antennae 3,
deformed body, strong 1
a: Dig, Shaft Self, Depart the Abyss, Bend Space, Banish, Renounce Religion


You were on level 2 of the Lair of Beasts.
You worshipped Lugonu.
Lugonu was most pleased with you.
You were hungry.

You visited 3 branches of the dungeon, and saw 11 of its levels.
You visited the Abyss 1 time.
You also visited: Sewer.

You collected 416 gold pieces.
You spent 84 gold pieces at shops.

Inventory:

Hand Weapons
 u - a +2 whip of distortion
 T - a +3 battleaxe (weapon)
Missiles
 L - 9 tomahawks (quivered)
 X - 2 javelins
Armour
 h - a +0 buckler (worn)
 s - a +1 scale mail (worn)
 v - a +0 pair of gloves (worn)
 w - a +0 cloak (worn)
Magical Staves
 I - an uncursed staff of death
 Y - an uncursed staff of energy
Jewellery
 t - an amulet of magic regeneration (around neck)
 V - a ring of wizardry (left hand)
 W - a +4 ring of dexterity (right hand)
Wands
 b - a wand of random effects (34/48)
 j - a wand of paralysis (13/24)
 x - a wand of digging (11/24)
 M - a wand of lightning (0/15)
 P - a wand of paralysis (12/24)
Scrolls
 d - a scroll of blinking {unknown}
 e - 6 scrolls of identify
 g - a scroll of immolation {unknown}
 i - 2 scrolls of amnesia
 k - 3 scrolls of noise
 n - 2 scrolls of recharging {unknown}
 o - 2 scrolls of magic mapping {unknown}
 r - 2 scrolls of enchant armour
 z - a scroll of random uselessness {unknown}
 C - 6 scrolls of remove curse
 S - a scroll of enchant weapon {unknown}
Potions
 f - a potion of cancellation
 m - 3 potions of agility
 p - a potion of invisibility {unknown}
 q - 10 potions of curing
 A - 2 potions of might
 B - a potion of brilliance {unknown}
 H - a potion of mutation
 K - 2 potions of cure mutation {unknown}
 O - a potion of flight {unknown}
 R - a potion of lignification {unknown}
Books
 N - a book of Maledictions

   Spells                             Type                      Level
   a - Corona                         Hexes                        1
   b - Ensorcelled Hibernation        Hexes/Ice                    2
   c - Confuse                        Hexes                        3
   d - Tukima's Dance                 Hexes                        3
   e - Dazzling Spray                 Conjuration/Hexes            3
Comestibles
 c - 7 bread rations
 F - 3 meat rations
 Q - 9 fruits


   Skills:
 + Level 7.7 Fighting
 + Level 4.0(5.5) Axes
 + Level 5.7(6.3) Maces & Flails
 + Level 4.8 Throwing
 + Level 9.3 Armour
 + Level 7.0 Dodging
 + Level 3.1 Stealth
 + Level 1.2 Shields
 + Level 6.0 Invocations
 + Level 1.0 Evocations


You had 8 spell levels left.
You knew the following spells:

 Your Spells              Type           Power        Failure   Level  Hunger
a - Ensorcelled Hibernat  Hex/Ice        #.....       73%         2    ###....


Dungeon Overview and Level Annotations

Branches:
Dungeon (8/15)             Temple (1/1) D:6            Lair (2/8) D:8

Altars:
Ashenzari
Cheibriados
Dithmenos
Elyvilon
Fedhas
Gozag
Kikubaaqudgha
Makhleb
Nemelex Xobeh
Okawaru
Pakellas
Qazlal
Ru
Sif Muna
Trog
Vehumet
Xom
Yredelemnul
Zin
The Shining One

Shops:
D:4 !   D:6 =

Annotations:
Abyss:1 Blork the orc, Duvessa, Sigmund


Innate Abilities, Weirdness & Mutations

You are under a permanent stasis effect.
You can dig through walls and to a lower floor.
Your four strong arms can wield two-handed weapons with a shield.
You have a pair of large antennae on your head (SInv).
Armour fits poorly on your strangely shaped body.
Your muscles are strong. (Str +2)


Message History

Lugonu accepts your kill.
Your Invocations skill increases to level 6!
You hit the yak but do no damage. The yak gores you. The yak gores you!
* * * LOW HITPOINT WARNING * * *
The yak gores you!
* * * LOW HITPOINT WARNING * * *
You slash the yak!
The yak is moderately wounded.
You closely miss the yak.
The yak is almost dead.
The yak barely misses you. The yak gores you!
* * * LOW HITPOINT WARNING * * *
The yak gores you but does no damage.
You hit the yak.
You kill the yak!
Lugonu accepts your kill.
You hit the yak but do no damage.
The yak is moderately wounded.
You block the yak's attack. The yak gores you!
You die...

<# ......... .. .......)#
#.. ......P.## ..#
#......... #.# ....P..##
#.# ##.PP#.P### ##.####
##..PPP..P.###..##†##
................@Y..#
........####....#.#.......
........# #.##.###.......
.........# ####.## ..###..
##.......# #P..# .## .
#..............## .#
##.P.....#..#### .#
........... .# ###.P#....#


You could see a yak.

Vanquished Creatures
  The ghost of SirSavien the Ruffian, a novice VSMo of Dithmenos (D:7)
  A spiny frog (Lair:1)
  A two-headed ogre (D:7)
  2 humans (D:8)
  8 yaks
  A hippogriff (Lair:1)
  2 water moccasins (Lair:1)
  2 porcupines (Lair:1)
  An ice beast (D:7)
  An orc warrior (D:7)
  A sky beast (D:8)
  An ogre (D:6)
  A phantom (D:8)
  A centaur (D:5)
  2 crocodiles (Lair:1)
  A big kobold (D:7)
  3 giant frogs
  Dowan (D:4)
  3 scorpions
  5 wights (D:8)
  2 jellies
  A crimson imp (D:7)
  4 orc priests
  A giant frog skeleton (D:8)
  2 hounds
  4 orc wizards
  Terence (D:2)
  3 iguanas
  3 worker ants
  A hound zombie (D:7)
  2 hound skeletons (D:7)
  3 gnolls (D:4)
  12 adders
  2 river rats (D:3)
  A shadow imp (D:8)
  2 oozes
  2 worms
  2 giant geckos
  30 orcs
  5 bats
  A giant cockroach (D:2)
  4 goblins
  4 hobgoblins
  11 jackals
  9 ball pythons
  7 giant newts
  13 kobolds
  20 rats
  A fungus (Lair:2)
192 creatures vanquished.

Vanquished Creatures (others)
  A black mamba (Lair:1)
  2 spiny frogs (Lair:1)
  The ghost of Banto the Gouger, a novice FeCK of Xom (D:8)
  A komodo dragon (Lair:1)
  A hungry ghost (D:7)
  A porcupine (Lair:1)
  An orc warrior (D:7)
  An ogre (D:4)
  A crocodile (Lair:1)
  A giant frog (Lair:1)
  A scorpion (D:4)
  A crimson imp (D:7)
  A worker ant (D:4)
  A gnoll (D:4)
  2 adders
  A giant gecko (D:7)
  3 orcs
  2 kobolds (D:8)
23 creatures vanquished.

Grand Total: 215 creatures vanquished

Notes
Turn   | Place    | Note
--------------------------------------------------------------
     0 | Abyss:1  | Psiweapon the Formicid Abyssal Knight began the quest for the Orb.
     0 | Abyss:1  | Reached XP level 1. HP: 18/18 MP: 2/2
    49 | Abyss:1  | Noticed a starcursed mass
    68 | Abyss:1  | Noticed a large abomination
    73 | D:1      | Escaped the Abyss
    92 | D:1      | Reached * piety under Lugonu
   139 | D:1      | Reached XP level 2. HP: 22/24 MP: 3/3
   246 | D:1      | Reached skill level 1 in Dodging
   459 | D:1      | Reached XP level 3. HP: 22/30 MP: 3/5
   899 | D:2      | Found a shadowy altar of Dithmenos.
   975 | D:2      | Noticed Terence
   991 | D:2      | Killed Terence
   991 | D:2      | Reached skill level 4 in Fighting
   991 | D:2      | Reached XP level 4. HP: 20/37 MP: 6/6
  1298 | D:2      | Reached ** piety under Lugonu
  1361 | D:2      | Found a bloodstained altar of Trog.
  1838 | D:3      | Reached skill level 1 in Stealth
  2037 | D:3      | Reached XP level 5. HP: 42/42 MP: 7/7
  2262 | D:3      | Found a glowing drain.
  2284 | Sewer    | Entered a sewer
  2414 | Sewer    | Noticed Duskembrace's ghost (amateur SpEn)
  2757 | D:3      | Reached *** piety under Lugonu
  2910 | D:4      | Noticed Blork the orc
  2919 | D:4      | Banished Blork the orc
  2919 | D:4      | Reached XP level 6. HP: 41/49 MP: 8/8
  3758 | D:4      | Reached XP level 7. HP: 53/55 MP: 9/9
  4129 | D:4      | Noticed Duvessa
  4138 | D:4      | Noticed Dowan
  4141 | D:4      | Killed Dowan
  4168 | D:4      | Banished Duvessa
  4168 | D:4      | Reached skill level 5 in Fighting
  4384 | D:4      | Reached skill level 1 in Maces & Flails
  4384 | D:4      | Reached skill level 5 in Armour
  4389 | D:4      | Noticed Sigmund
  4390 | D:4      | Banished Sigmund
  4430 | D:4      | Found Udiolid's Distillery.
  4441 | D:4      | Bought a potion of poison for 13 gold pieces
  4441 | D:4      | Bought a potion of mutation for 32 gold pieces
  4441 | D:4      | Bought a potion of curing for 39 gold pieces
  4493 | D:4      | Reached XP level 8. HP: 55/62 MP: 11/11
  4636 | D:5      | Entered Level 5 of the Dungeon
  5687 | D:6      | Found a staircase to the Ecumenical Temple.
  5700 | Temple   | Entered the Ecumenical Temple
  6296 | D:6      | Found Bautihe's Jewellery Emporium.
  6536 | D:7      | Reached skill level 1 in Throwing
  6536 | D:7      | Reached skill level 6 in Armour
  6751 | D:7      | Found an ancient bone altar of Kikubaaqudgha.
  6797 | D:7      | Noticed SirSavien's ghost (novice VSMo)
  6804 | D:7      | Reached **** piety under Lugonu
  6804 | D:7      | Reached XP level 9. HP: 53/69 MP: 12/12
  6818 | D:7      | Killed SirSavien's ghost
  6818 | D:7      | Reached skill level 7 in Armour
  6984 | D:7      | Found an oddly glowing altar of Pakellas.
  7100 | D:7      | Found a glowing golden altar of the Shining One.
  7100 | D:7      | Found a deep blue altar of Sif Muna.
  7135 | D:7      | Found a sparkling altar of Nemelex Xobeh.
  7187 | D:7      | Noticed a two-headed ogre
  7791 | D:8      | Reached skill level 5 in Dodging
  7800 | D:8      | Noticed Banto's ghost (novice FeCK)
  7807 | D:8      | Banished Banto's ghost
  8094 | D:8      | Found a staircase to the Lair.
  8113 | D:8      | Found an iron altar of Okawaru.
  8124 | D:8      | Reached skill level 8 in Armour
  8124 | D:8      | Reached XP level 10. HP: 41/77 MP: 13/13
  8367 | D:8      | Gained mutation: You are robust (+10% HP). [mutagenic meat]
  8368 | D:8      | Gained mutation: Armour fits poorly on your strangely shaped body. [mutagenic meat]
  8369 | D:8      | Lost mutation: You are robust (+10% HP). [mutagenic meat]
  8370 | D:8      | Gained mutation: Your muscles are strong. (Str +2) [mutagenic meat]
  8387 | D:8      | Found a glowing silver altar of Zin.
  8409 | D:7      | Found a radiant altar of Vehumet.
  8409 | D:7      | Found a shimmering altar of Xom.
  8880 | D:8      | Found a stormy altar of Qazlal.
  8928 | D:8      | Found a snail-covered altar of Cheibriados.
  8994 | D:8      | Found an opulent altar of Gozag.
  9081 | D:8      | Found a white marble altar of Elyvilon.
  9230 | Lair:1   | Entered Level 1 of the Lair of Beasts
  9362 | Lair:1   | Noticed a black mamba
  9375 | Lair:1   | Banished a black mamba
  9968 | Lair:1   | Reached skill level 5 in Maces & Flails
 10012 | Lair:1   | Noticed a spiny frog
 10027 | Lair:1   | Reached skill level 5 in Invocations
 10028 | Lair:1   | Banished a spiny frog
 10249 | Lair:1   | Noticed a spiny frog
 10250 | Lair:1   | Noticed a spiny frog
 10252 | Lair:1   | Banished a spiny frog
 10284 | Lair:1   | Killed a spiny frog
 10284 | Lair:1   | Reached skill level 9 in Armour
 10284 | Lair:1   | Reached XP level 11. HP: 45/84 MP: 13/15
 10427 | Lair:1   | Reached skill level 1 in Evocations
 11059 | Lair:1   | Learned a level 2 spell: Ensorcelled Hibernation
 11125 | Lair:2   | Reached skill level 1 in Shields
 11129 | Lair:2   | HP: 3/85 [yak (12)]
 11133 | Lair:2   | Mangled by a yak

Vault maps used:
D:1:      erik_arrival_orb_chamber
D:2:      nicolae_dithmenos_shadow_blocks, old_standard_altar, uniq_terence
D:3:      first_bread, portal_sewer_entry_a
D:4:      serial_shops, nicolae_shop_behind_doors, minmay_crystal_water,
          uniq_duvessa, uniq_sigmund, uniq_blork_the_orc
D:6:      minmay_temple_entry_trees, serial_shops, shop
D:7:      nemelex_altar_shiori, gammafunk_temple_overflow_wave,
          nicolae_overflow_hidden_temple, minmay_misc_feat_x
D:8:      cheibrodos_worm_habitat, elyvilon_altar_4, old_standard_altar,
          nicolae_overflow_crystal_walls, kennysheep_little_box, lair_0_dummy,
          minmay_misc_feat_diagonals, okawaru_humans
Temple:   hc_temple_tempest_star
Lair:2:   nicolae_volcano_entry_hallway
Abyss:1:  hangedman_abyss_or_decor_lesser_grid
Sewer:    sewer_co_purgy_island

Action                   |  1- 3 |  4- 6 |  7- 9 | 10-12 || total
-------------------------+-------+-------+-------+-------++-------
Melee: Hand axe          |    88 |    93 |       |       ||   181
       War axe           |       |    51 |       |       ||    51
       Falchion          |       |     8 |       |       ||     8
       Whip              |       |    61 |   256 |   171 ||   488
       Battleaxe         |       |       |    16 |    13 ||    29
Throw: Stone             |     2 |     8 |     2 |       ||    12
       Tomahawk          |       |       |    23 |    26 ||    49
       Javelin           |       |       |       |     2 ||     2
Invok: Depart the Abyss  |     1 |       |       |       ||     1
       Bend Space        |       |     4 |       |       ||     4
       Banish            |       |     2 |     3 |     5 ||    10
 Abil: Dig               |     1 |       |       |     3 ||     4
Evoke: Wand              |       |       |       |     6 ||     6
  Use: Scroll            |       |     5 |     3 |     1 ||     9
  Eat: Chunk             |     1 |    10 |     4 |     9 ||    24
       Meat ration       |       |       |     2 |       ||     2
       Royal jelly       |       |       |     1 |       ||     1
       Beef jerky        |       |       |     2 |       ||     2
       Fruit             |       |       |       |     2 ||     2
